 Dungeon Crawl Stone Soup version 0.27-a0-909-g0721f30 (webtiles) character file.

Game seed: 3571549001263351615

30 Nithhogg the Skirmisher (level 3, -1/29 HPs)
             Began as a Demonspawn Fighter on Apr 8, 2021.
             Slain by Sigmund
             ... wielding a +0 scythe
              (8 damage)
             ... on level 2 of the Dungeon.
             The game lasted 00:01:25 (1297 turns).

Nithhogg the Skirmisher (Demonspawn Fighter)        Turns: 1297, Time: 00:01:26

Health: -1/29      AC: 10    Str: 17    XL:     3   Next: 3%
Magic:  3/3        EV:  7    Int:  9    God:
Gold:   60         SH:  0    Dex: 12    Spells: 2/2 levels left

rFire    . . .     SeeInvis .   a - +0 long sword
rCold    . . .     Faith    .   c - +0 kite shield
rNeg     . . .     Spirit   .   b - +0 scale mail
rPois    .         Reflect  .   (no helmet)
rElec    .         Harm     .   (no cloak)
rCorr    .         Rampage  .   (no gloves)
Will     .....                  (no boots)
Stlth    ..........             (no amulet)
HPRegen  0.09/turn              i - +4 ring of protection
MPRegen  0.16/turn              (no ring)

@: confused, mighty, ambrosia-drunk
A: powered by pain 1, magic regeneration
a: no special abilities


You were on level 2 of the Dungeon.
You visited 1 branch of the dungeon, and saw 2 of its levels.

You collected 60 gold pieces.

Inventory:

Hand Weapons
 a - a +0 long sword (weapon)
Armour
 b - a +0 scale mail (worn)
 c - a +0 kite shield (worn)
Jewellery
 i - a +4 ring of protection (left hand)
Potions
 f - 2 potions of brilliance
 h - a potion of resistance {unknown}


   Skills:
 + Level 3.3 Fighting
 + Level 2.2 Long Blades
 + Level 3.0 Armour
 + Level 3.0 Shields


You had 2 spell levels left.
You didn't know any spells.
Your spell library was empty.

Dungeon Overview and Level Annotations

Branches:
Dungeon (2/15)

Altars:

Annotations:
D:2 Sigmund


Innate Abilities, Weirdness & Mutations

You sometimes gain a little power by taking damage.
You regenerate magic rapidly.


Message History

You slash Sigmund!
Sigmund is moderately wounded.
Sigmund hits you with a +0 scythe!
You barely miss Sigmund.
Sigmund is moderately wounded.
You block Sigmund's attack. Sigmund barely misses you.
You barely miss Sigmund.
Sigmund is moderately wounded.
You block Sigmund's attack.
You feel very mighty all of a sudden. You block Sigmund's attack.
You hit Sigmund.
Sigmund is heavily wounded.
Sigmund whispers, "You'll know eternity soon."
Sigmund hits you with a +0 scythe. Sigmund hits you but does no damage.
You slash Sigmund!
Sigmund is almost dead.
Sigmund hits you but does no damage.
You barely miss Sigmund.
Sigmund is almost dead.
Sigmund gestures at himself while chanting.
Sigmund flickers and vanishes!
Deactivating autopickup; reactivate with Ctrl-A.
Something hits you but does no damage.
You closely miss something. Something hits you!
You focus on the pain.
You feel mightier all of a sudden.
You miss something.
You hear some strange, mumbled words.
You are confused.
You hear some strange, mumbled words.
A puff of flame appears from out of thin air!
The puff of flame misses you.
You barely miss something. Something hits you.
* * * LOW HITPOINT WARNING * * *
It was a potion of ambrosia.
You are more confused.
You feel invigorated. Something hits you.
* * * LOW HITPOINT WARNING * * *
You barely miss something. Something hits you!
You die...

#.####.. ......#
#.##.###.##.#
......).....#
#.#$##†#.##.######
.....##†.....#
.?(#.#....####.# #
#.$....#.##.####{####....
.....#...##....@.......#
##.#.#.#.##...##<#####...
......#......##.# .
#.##......# . #.....## #
#.....# #.#.##.....#
.........### ##.###...##


There were no monsters in sight!

Vanquished Creatures
  An adder (D:1)
  3 bats (D:1)
  A hobgoblin (D:1)
  2 kobolds
  4 quokkas
  2 ball pythons (D:1)
  3 frilled lizards
  2 goblins (D:1)
  2 rats (D:1)
20 creatures vanquished.

Notes
Turn   | Place    | Note
-------+----------+-------------------------------------------
     0 | D:1      | Nithhogg the Demonspawn Fighter began the quest for the
                  | Orb.
     0 | D:1      | Reached XP level 1. HP: 18/18 MP: 1/1
    50 | D:1      | Found a faded altar of an unknown god.
   244 | D:1      | Gained mutation: You regenerate magic rapidly. [demonic
                  | ancestry]
   244 | D:1      | Reached XP level 2. HP: 21/24 MP: 2/2
   765 | D:2      | Noticed Sigmund
  1037 | D:1      | Gained mutation: You sometimes gain a little power by
                  | taking damage. [demonic ancestry]
  1037 | D:1      | Reached XP level 3. HP: 16/29 MP: 3/3
  1297 | D:2      | Slain by Sigmund

Illustrated notes

Levels and vault maps discovered:
D:1:      amcnicky_arrival_choice, layout_basic, ebering_ecumenical_altar_webs,
          supply_closet_lemuel, serial_park_tiny_2
D:2:      layout_loops_cross, minmay_diced_spiral, uniq_sigmund

Skill      XL: |  1  2 |
---------------+-------+-----
Long Blades    | 2 |  2.2
Armour         | 3 |  3.0
Shields        | 3 |  3.0
Fighting       | |  3.3

Action                   || total
-------------------------++-------
Melee: Long sword        ||    61
  Use: Scroll            ||     1
       Potion            ||     2
Armor: Scale mail        ||    45
Dodge: Dodged            ||    22
Block: Kite shield       ||    39
       Rpst.: Long sword ||     6

Table legend: (Time is in decaauts)
 A = Elapsed time spent in this place.
 B = Non-inter-level travel time spent in this place.
 C = Inter-level travel time spent in this place.
 D = Time resting spent in this place.
 E = Time spent auto-exploring this place.
 F = Levels seen in this place.
 G = Mean time per level.
                   A        B        C        D        E       F      G
               +--------+--------+--------+--------+--------+-----+--------+
         Total |   1331 |   1307 |     24 |    461 |    643 |   2 |  665.5 |
       Dungeon |   1331 |   1307 |     24 |    461 |    643 |   2 |  665.5 |
               +--------+--------+--------+--------+--------+-----+--------+

Top non-repeatable levels by time:
     D:1: 1251 daAuts
     D:2: 79 daAuts
